 Dungeon Crawl Stone Soup version 0.31-a0-876-gfe8ebadbca (webtiles) character file.

Game seed: 8708888372224301481

64272 Xavori the Unseen (level 15, -5/116 HPs)
             Began as an Octopode Chaos Knight on Oct 14, 2023.
             Was a Plaything of Xom.
             Slain by Donald
             ... wielding a +0 demon trident
              (35 damage)
             ... on level 2 of the Orcish Mines.
             The game lasted 00:31:21 (28308 turns).

Xavori the Unseen (Octopode Chaos Knight)          Turns: 28308, Time: 00:31:23

Health: -5/116     AC:  4    Str: 23 (24) XL:     15   Next: 12%
Magic:  15/15      EV: 29    Int: 17      God:    Xom [.*....]
Gold:   2231       SH: 19    Dex: 18      Spells: 14/14 levels left

rFire   + + +        Q - +3 quick blade (flame)
rCold   + + +        D - +6 kite shield "Istraoj" {rN+ Slay+3}
rNeg    + . .        S - +1 hat
rPois   +            K - amulet of regeneration
rElec   .            i - ring of poison resistance
rCorr   +            h - +5 ring of evasion
SInv    .            C - ring of resist corrosion
Will    +++..        E - ring of Jiell {rF++ rC++ rCorr Str+4}
Stlth   ++++++++     T - ring of Loihitoh {rF+ rC+ Will+ Str+5}
HPRegen 1.19/turn    a - ring "Qocetrisk" {rF+ Will+ Str+3 Int+2}
MPRegen 0.14/turn    H - +5 ring of evasion
                     (no ring)

%: no passive effects
@: studying Shapeshifting
A: almost no armour, amphibious, 8 rings, camouflage 1, gelatinous body 1,
(nimble swimmer 1), tentacles, tentacle spike 1, iridescent scales 1,
deterioration 1, poison resistance, robust 2, MP-powered wands
a: Renounce Religion


You were on level 2 of the Orcish Mines.
You worshipped Xom.
You were a plaything of Xom.
You visited 3 branches of the dungeon, and saw 18 of its levels.
You also visited: Bailey and Volcano.

You collected 2814 gold pieces.
You spent 583 gold pieces at shops.

Inventory:

Hand Weapons
 q - a +3 dagger of electrocution
 F - a +1 short sword of speed
 Q - a +3 quick blade of flaming (weapon)
Missiles
 o - 13 curare-tipped darts (quivered)
 t - 6 throwing nets
Armour
 D - the +6 kite shield "Istraoj" (worn) {rN+ Slay+3}
   (You bought it in a shop on level 1 of the Dungeon)

   Slay+3:    It affects your accuracy & damage with ranged weapons and melee
   (+3).
   rN+:       It protects you from negative energy.
 S - a +1 hat (worn)
Jewellery
 a - the ring "Qocetrisk" (on tentacle) {rF+ Will+ Str+3 Int+2}
   (You found it on level 2 of the Lair of Beasts)

   [ring of willpower]

   Str+3:     It affects your strength (+3).
   Int+2:     It affects your intelligence (+2).
   rF+:       It protects you from fire.
   Will+:     It increases your willpower.
 h - a +5 ring of evasion (right tentacle)
 i - a ring of poison resistance (left tentacle)
 l - a ring of ice
 C - a ring of resist corrosion (on tentacle)
 E - the ring of Jiell (on tentacle) {rF++ rC++ rCorr Str+4}
   (You found it on level 9 of the Dungeon)

   [ring of resist corrosion]

   Str+4:     It affects your strength (+4).
   rF++:      It greatly protects you from fire.
   rC++:      It greatly protects you from cold.
   rCorr:     It protects you from acid and corrosion.
 H - a +5 ring of evasion (on tentacle)
 K - an amulet of regeneration (around mantle)
 L - an amulet of reflection
 T - the ring of Loihitoh (on tentacle) {rF+ rC+ Will+ Str+5}
   (You found it on level 3 of the Lair of Beasts)

   [ring of willpower]

   Str+5:     It affects your strength (+5).
   rF+:       It protects you from fire.
   rC+:       It protects you from cold.
   Will+:     It increases your willpower.
Talismans
 g - a storm talisman
Wands
 m - a wand of roots (7)
 y - a wand of light (14)
 B - a wand of mindburst (10)
 J - a wand of flame (36)
 O - a wand of digging (2)
 P - a wand of charming (4)
Scrolls
 b - 2 scrolls of butterflies
 c - 11 scrolls of teleportation
 d - 4 scrolls of poison
 j - 2 scrolls of identify
 k - 3 scrolls of blinking
 p - 2 scrolls of silence
 u - 5 scrolls of revelation
 v - 2 scrolls of fog
 I - a scroll of enchant armour
 R - 2 scrolls of fear
 U - 2 scrolls of vulnerability
Potions
 e - 3 potions of lignification
 f - 8 potions of curing
 n - 7 potions of heal wounds
 r - 3 potions of might
 s - 3 potions of cancellation
 w - 4 potions of enlightenment
 x - 3 potions of brilliance
 z - 3 potions of mutation
 A - 5 potions of haste
 G - 3 potions of resistance
 M - 2 potions of magic
 N - a potion of berserk rage


   Skills:
 + Level 7.3 Fighting
 * Level 11.7 Short Blades
 + Level 0.1 Throwing
 * Level 10.5 Dodging
 + Level 16.9 Stealth
 + Level 12.1 Shields
 + Level 6.4 Evocations
 * Level 11.0 Shapeshifting


You had 14 spell levels left.
You didn't know any spells.
Your spell library contained the following spells:

 Spells                   Type           Power      Damage    Failure   Level
 Magic Dart               Conj           0%         1d3       36%         1
 Sting                    Tmut/Pois      0%         1d3       36%         1
 Summon Small Mammal      Summ           0%         N/A       36%         1
 Call Imp                 Summ           0%         N/A       50%         2
 Cigotuvi's Dreadful Rot  Necr/Pois/Air  0%         N/A       50%         2
 Poisonous Vapours        Pois/Air       0%         N/A       50%         2
 Call Canine Familiar     Summ           0%         N/A       75%         3
 Mephitic Cloud           Conj/Pois/Air  0%         N/A       75%         3
 Sigil of Binding         Hex            0%         N/A       75%         3
 Summon Guardian Golem    Hex/Summ       0%         N/A       75%         3
 Dimensional Bullseye     Hex/Tloc       0%         N/A       98%         4
 Dispel Undead            Necr           0%         3d6       98%         4
 Leda's Liquefaction      Hex/Erth       0%         N/A       98%         4
 Olgreb's Toxic Radiance  Pois           0%         N/A       98%         4
 Passage of Golubria      Tloc           0%         N/A       98%         4
 Vhi's Electric Charge    Tloc/Air       0%         N/A       98%         4
 Alistair's Intoxication  Tmut/Pois      0%         N/A       100%        5
 Arcjolt                  Conj/Air       0%         1d10      100%        5
 Freezing Cloud           Conj/Ice/Air   0%         6-21      100%        5
 Lee's Rapid Deconstruct  Erth           0%         3d4*      100%        5
 Bombard                  Conj/Erth      0%         9d1       100%        6
 Death Channel            Necr           0%         N/A       100%        6
 Plasma Beam              Fire/Air       0%         2x1d10    100%        6
 Disjunction              Tloc           0%         N/A       100%        8


Dungeon Overview and Level Annotations

Branches:
Dungeon (11/15)            Temple (0/1) D:6            Lair (5/5) D:10
 Shoals (0/4) Lair:3       Spider (0/4) Lair:2        Slime (0/5) Lair:5
    Orc (2/2) D:11         Bailey (visited)         Volcano (visited)
    Elf: Orc:2

Altars:
Elyvilon
Fedhas
Gozag
Kikubaaqudgha
Okawaru
Qazlal
Sif Muna
Wu Jian
Xom
Yredelemnul
Zin
The Shining One
Jiyva

Shops:
D:1 [   D:2 ![:(

Annotations:
D:10 exclusion: oklob sapling
Orc:2 Donald, Rupert


Innate Abilities, Weirdness & Mutations

You cannot wear most types of armour.
You are amphibious.
You can wear up to eight rings at the same time.
Your skin changes colour to match your surroundings (Stealth+).
Your rubbery body absorbs attacks. (AC +1, EV +1)
((You are camouflaged when in or above water. (Stealth+)))
You have tentacles for arms and can constrict up to eight enemies at once.
One of your tentacles bears a spike.
You are partially covered in iridescent scales. (AC +2)
Your body sometimes deteriorates upon taking damage.
Your system is resistant to poisons. (rPois)
You are very robust. (+20% HP)
You expend magic power (3 MP) to strengthen your wands.


Message History

You pierce the orc sorcerer, but do no damage.
You hit the orc sorcerer. You burn the orc sorcerer.
You pierce the orc sorcerer.
You squeeze the orc sorcerer.
The orc sorcerer is almost dead.
You constrict the orc sorcerer.
You kill the orc sorcerer!
You constrict the orc warrior, but do no damage.
You block the orc warrior's attack.
Your +0 hand axe hits the orc.
Your life force feels restored.
You hit the orc warrior but do no damage.
You pierce the orc warrior.
You hit the orc warrior but do no damage.
You pierce the orc warrior, but do no damage.
You squeeze the orc warrior.
The orc warrior is heavily wounded.
You constrict the orc warrior.
Your +0 hand axe hits the orc!
The orc dies!
A troll comes into view.
The orc warrior closely misses you.
Unknown command.
You hit the orc warrior but do no damage.
You pierce the orc warrior, but do no damage.
You squeeze the orc warrior!
You kill the orc warrior!
Your +0 hand axe closely misses the orc wizard.
Donald hits you from afar with a +0 demon trident!!!
Your body deteriorates!
You feel weakened.
Your +0 hand axe barely misses the orc wizard.
You hear a shout! x3
Unknown command.
You hear Xom's avuncular chuckle.
The orc suddenly seems more agile.
Donald hits you from afar with a +0 demon trident!!
* * * LOW HITPOINT WARNING * * *
Your +0 hand axe hits the orc wizard!
Donald says, "Orcs smell really bad.
Yuck."
Donald hits you from afar with a +0 demon trident!!
You die...
Donald says, "Well, maybe you weren't so bad after all."
Xom thinks this is hilarious!

....#.# ....o
.....###.o.$..
##....T#......#
............#
##....o....#
#..<......##
#..........##
##.........§§##o#o..
............§§@o@o@o..
$............§§§Oo....
........###..§..(....##
........# #..........#
........##........#...#
......................
.#..........##.##....
........ ## #..#


You could see Rupert, Donald (fast, strong), a troll, an ogre, 2 orc wizards, 5
orcs and a friendly +0 hand axe.

Vanquished Creatures
  Jorgrun (Orc:1)
  Gastronok (Lair:1)
  Harold (Lair:2)
  4 hydras
  3 catoblepae (Lair:5)
  2 two-headed ogres (D:11)
  A death knight (D:9)
  8 death yaks
  Urug (D:10)
  Sonja (D:10)
  A skyshark (Lair:2)
  2 skeletal warriors (Volcano)
  A bog body (Lair:3)
  An anaconda skeleton (Volcano)
  2 ugly things
  An orc sorcerer (Orc:2)
  4 cyclopes
  2 manticores (Lair:5)
  2 alligator skeletons (Volcano)
  22 elephants
  An eye of devastation (Lair:4)
  7 black mambas
  5 cane toads
  7 komodo dragons
  An efreet (D:11)
  A rime drake (Lair:4)
  6 gargoyles
  3 ice devils (Lair:3)
  2 trolls (D:11)
  A queen bee (shapeshifter) (Lair:5)
  2 hornets
  4 polar bears
  7 blink frogs (Lair:4)
  10 dream sheep (Lair:5)
  A snapping turtle (Lair:3)
  3 harpy skeletons (Volcano)
  3 shadows
  6 culicivoras (Lair:2)
  A vampire (Bailey)
  3 flying skulls (Volcano)
  5 basilisks
  A wraith (D:11)
  2 steam dragons
  6 wyverns
  31 yaks
  2 death yak simulacra (Lair:3)
  2 wargs (Orc:1)
  A harpy simulacrum (Lair:3)
  16 water moccasins
  3 ice beasts
  5 black bears
  9 orc warriors
  3 sky beasts
  26 wolves
  4 ogres
  6 centaurs
  3 phantoms
  A kobold brigand (D:8)
  14 bullfrogs
  4 scorpions
  A two-headed ogre simulacrum (Lair:3)
  8 wights
  15 killer bees
  9 vampire bats (Bailey)
  A spriggan skeleton (Volcano)
  7 howler monkeys
  4 electric eels
  A troll skeleton (Volcano)
  9 wolf zombies (Bailey)
  6 hounds
  A jelly (D:6)
  12 orc priests
  A gnoll bouda (D:8)
  7 iguanas
  Terence (D:2)
  A sleepcap (D:5)
  24 orc wizards
  9 hell rats
  3 naga skeletons (Volcano)
  15 gnolls
  10 adders
  A naga simulacrum (Lair:3)
  5 river rats (Lair:1)
  2 white imps (D:7)
  An ufetubus (D:4)
  3 worms
  A dart slug (D:1)
  56 orcs
  12 ball pythons
  12 bats
  3 endoplasms
  A giant cockroach (D:4)
  22 goblins
  12 hobgoblins
  4 jackals (D:5)
  9 quokkas
  2 frilled lizards
  11 kobolds
  15 orc zombies (Bailey)
  9 rats
605 creatures vanquished.

Vanquished Creatures (collateral kills)
  A hell rat (Lair:5)
  An orc (Orc:2)
2 creatures vanquished.

Vanquished Creatures (others)
  A shadow (D:10)
1 creature vanquished.

Grand Total: 608 creatures vanquished

Notes
Turn   | Place    | Note
-------+----------+-------------------------------------------
     0 | D:1      | Xavori the Octopode Chaos Knight began the quest for the
                  | Orb.
     0 | D:1      | Reached XP level 1. HP: 16/16 MP: 1/1
    36 | D:1      | XOM: butterfly on damage
    41 | D:1      | Reached XP level 2. HP: 12/21 MP: 2/2
   241 | D:1      | Found Qishoxzeo's Armour Emporium.
   848 | D:1      | Reached XP level 3. HP: 24/26 MP: 3/3
   869 | D:1      | XOM: summons 2 hostile demons
   878 | D:1      | XOM: polymorph iron imp -> cerulean imp
   983 | D:1      | Got a sparkling book
  1357 | D:1      | XOM: noise
  1754 | D:1      | XOM: summons 2 hostile demons
  1993 | D:2      | Found Hiduuceg's Book Boutique.
  1993 | D:2      | Found Pucvo's Distillery.
  1993 | D:2      | Found Paamopt's Armour Emporium.
  1993 | D:2      | XOM: 5-stop teleportation journey
  2016 | D:2      | XOM: summons 2 friendly demons
  2018 | D:2      | Reached skill level 1 in Stealth
  2140 | D:2      | Reached XP level 4. HP: 31/32 MP: 4/4
  2912 | D:1      | XOM: stat loss: -1 Str (10/11)
  3848 | D:1      | XOM: summons 3 hostile demons
  3914 | D:1      | XOM is BORED!
  3914 | D:1      | XOM: give mutations
  3914 | D:1      | Gained mutation: You are clumsy. (Dex -2) [Xom's mischief]
  3914 | D:1      | Gained mutation: You occasionally shout uncontrollably at
                  | your foes. [Xom's mischief]
  3914 | D:1      | Gained mutation: You are somewhat resistant to further
                  | mutation. [Xom's mischief]
  4187 | D:1      | XOM: silly message
  4426 | D:1      | XOM: stat loss: -1 Dex (10/11)
  6182 | D:1      | XOM: silly message
  6836 | D:1      | XOM: summons 3 hostile demons
  8075 | D:1      | XOM: cloud trail
  8229 | D:1      | XOM: scenery: create altars
  8532 | D:1      | XOM is BORED!
  8532 | D:1      | XOM: draining
  8570 | D:1      | XOM: cloud trail
  8625 | D:1      | XOM: give mutation
  8625 | D:1      | Gained mutation: You are weak. (Str -2) [Xom's mischief]
  8996 | D:1      | XOM: give mutation
  8996 | D:1      | Gained mutation: One of your tentacles bears a spike.
                  | [Xom's grace]
  9065 | D:1      | XOM: stat loss: -1 Int (13/14)
  9169 | D:1      | XOM: give mutation
  9169 | D:1      | Gained mutation: You are robust. (+10% HP) [Xom's mischief]
  9435 | D:1      | XOM: give mutations
  9435 | D:1      | Lost mutation: You are somewhat resistant to further
                  | mutation. [Xom's mischief]
  9435 | D:1      | Gained mutation: You have hidden genetic potential. [Xom's
                  | mischief]
  9435 | D:1      | Gained mutation: You expend magic power (3 MP) to
                  | strengthen your wands. [Xom's mischief]
  9435 | D:1      | Gained mutation: You are very weak. (Str -4) [Xom's
                  | mischief]
  9435 | D:1      | Gained mutation: You are partially covered in iridescent
                  | scales. (AC +2) [Xom's mischief]
  9568 | D:2      | Found Cuesuddi's Weapon Shop.
  9608 | D:2      | XOM: noise
  9615 | D:2      | Reached skill level 2 in Stealth
  9661 | D:2      | Noticed Terence
  9680 | D:2      | XOM: butterfly on damage
  9974 | D:2      | Killed Terence
 10175 | D:2      | XOM: summons 3 hostile demons
 10225 | D:2      | XOM: give mutation
 10225 | D:2      | Lost mutation: You occasionally shout uncontrollably at
                  | your foes. [Xom's mischief]
 10266 | D:2      | XOM: god gift: plate armour {god gift}
 10399 | D:2      | Reached XP level 5. HP: 34/40 MP: 5/5
 10417 | D:2      | Lost mutation: You are clumsy. (Dex -2) [hidden potential]
 10725 | D:3      | XOM: god gift: 56 gold pieces
 10795 | D:3      | Found a stormy altar of Qazlal.
 10795 | D:3      | Noticed a sky beast
 10800 | D:3      | XOM: fog
 10815 | D:3      | HP: 1/40 [sky beast (6)]
 10878 | D:2      | XOM: give mutations
 10878 | D:2      | Gained mutation: You are agile. (Dex +4, Str/Int -1) [Xom's
                  | grace]
 10878 | D:2      | Gained mutation: Your mind is acute. (Int +4, Str/Dex -1)
                  | [Xom's grace]
 10878 | D:2      | Gained mutation: You are mostly covered in iridescent
                  | scales. (AC +4) [Xom's grace]
 11056 | D:3      | Identified the +5 whip of the Jolly Dreams {drain, Str+3}
 11155 | D:3      | XOM: 2-stop teleportation journey
 11281 | D:3      | Killed a sky beast
 11282 | D:3      | Reached skill level 4 in Stealth
 11282 | D:3      | Reached XP level 6. HP: 47/47 MP: 6/6
 11285 | D:3      | Gained mutation: You have great hidden genetic potential.
                  | [hidden potential]
 11285 | D:3      | Lost mutation: You have great hidden genetic potential.
                  | [hidden potential expressed]
 11390 | D:4      | XOM: god gift: 6 stones
 11431 | D:4      | XOM: swap monsters
 11432 | D:4      | XOM: noise
 11510 | D:4      | Reached skill level 5 in Short Blades
 11875 | D:4      | XOM: cast spell 'Olgreb's Toxic Radiance'
 11891 | D:4      | Reached skill level 5 in Stealth
 11891 | D:4      | Reached skill level 1 in Shapeshifting
 11891 | D:4      | Reached XP level 7. HP: 17/52 MP: 7/7
 11894 | D:3      | XOM: silly message
 11908 | D:3      | Gained mutation: Your flesh is heat resistant. (rF+)
                  | [hidden potential]
 12248 | D:5      | Entered Level 5 of the Dungeon
 12261 | D:5      | XOM: silly message
 12340 | D:5      | XOM: summons 4 hostile demons
 12584 | D:5      | Reached skill level 6 in Stealth
 12920 | D:5      | Reached skill level 7 in Stealth
 12920 | D:5      | Reached XP level 8. HP: 56/59 MP: 8/8
 12974 | D:5      | Gained mutation: Your system is resistant to poisons.
                  | (rPois) [hidden potential]
 12974 | D:5      | Lost mutation: You have hidden genetic potential. [hidden
                  | potential expressed]
 12996 | D:5      | XOM: 1-stop teleportation journey
 13179 | D:5      | Found a blossoming altar of Fedhas.
 13266 | D:5      | XOM: stat loss: -1 Int (16/17)
 13282 | D:5      | XOM: divination: detect creatures
 13419 | D:5      | Found an ornate altar of the Wu Jian Council.
 13474 | D:5      | Found a shimmering blue altar of Sif Muna.
 13529 | D:6      | Reached skill level 8 in Stealth
 13672 | D:6      | Found a staircase to the Ecumenical Temple.
 13675 | D:6      | Reached skill level 9 in Stealth
 13702 | D:6      | XOM: cleaving
 13703 | D:6      | Reached XP level 9. HP: 61/64 MP: 9/9
 13797 | D:6      | Found an ancient bone altar of Kikubaaqudgha.
 13914 | D:6      | XOM: summons 5 hostile demons
 13990 | D:6      | Found a glowing golden altar of the Shining One.
 13990 | D:6      | Found a basalt altar of Yredelemnul.
 13997 | D:6      | Found a faded altar of an unknown god.
 13999 | D:6      | Found a faded altar of an unknown god.
 14001 | D:6      | Found an opulent altar of Gozag.
 14167 | D:6      | XOM: 1-stop teleportation journey
 14197 | D:6      | XOM: god gift: wand of mindburst (8)
 14402 | D:6      | Reached skill level 5 in Dodging
 14402 | D:6      | Reached skill level 10 in Stealth
 14776 | D:6      | XOM: silly message
 14920 | D:7      | Noticed a cyclops
 14920 | D:7      | Noticed a cyclops
 14925 | D:7      | Noticed a purple ugly thing
 14933 | D:7      | Killed a cyclops
 14934 | D:7      | Reached skill level 1 in Evocations
 15146 | D:7      | XOM: divination: magic mapping
 15169 | D:7      | XOM: polymorph purple ugly thing -> cyan ugly thing
 15398 | D:7      | XOM: give mutations
 15398 | D:7      | Lost mutation: You are very weak. (Str -4) [Xom's mischief]
 15398 | D:7      | Lost mutation: Your mind is acute. (Int +4, Str/Dex -1)
                  | [Xom's mischief]
 15416 | D:7      | XOM: 1-stop teleportation journey
 15457 | D:7      | Killed a cyclops
 15458 | D:7      | Reached skill level 5 in Fighting
 15458 | D:7      | Reached skill level 11 in Stealth
 15603 | D:7      | XOM is BORED!
 15603 | D:7      | XOM: stat loss: -1 Dex (19/20)
 15637 | D:7      | Killed a cyan ugly thing
 15638 | D:7      | Reached XP level 10. HP: 72/72 MP: 6/10
 15915 | D:7      | XOM: give mutations
 15915 | D:7      | Lost mutation: You are agile. (Dex +4, Str/Int -1) [Xom's
                  | mischief]
 15915 | D:7      | Gained mutation: You occasionally lose the ability to drink
                  | potions when taking damage. [Xom's mischief]
 15915 | D:7      | Gained mutation: You are very weak. (Str -4) [Xom's
                  | mischief]
 16134 | D:7      | XOM: fog
 16287 | D:7      | XOM: give mutations
 16287 | D:7      | Gained mutation: Your body sometimes deteriorates upon
                  | taking damage. [Xom's mischief]
 16287 | D:7      | Lost mutation: Your flesh is heat resistant. (rF+) [Xom's
                  | mischief]
 16287 | D:7      | Lost mutation: One of your tentacles bears a spike. [Xom's
                  | mischief]
 16521 | D:8      | XOM: summons 6 hostile demons
 16568 | D:8      | XOM: god gift: 668 gold pieces
 16623 | D:7      | XOM: stat loss: -1 Int (13/14)
 16817 | D:1      | Bought the +6 kite shield "Istraoj" {rN+ Slay+3} for 583
                  | gold pieces
 17261 | D:8      | Reached skill level 1 in Shields
 17325 | D:8      | XOM is BORED!
 17354 | D:8      | XOM: draining
 17445 | D:8      | Reached skill level 5 in Shapeshifting
 17518 | D:8      | XOM: give mutations
 17518 | D:8      | Lost mutation: You are very weak. (Str -4) [Xom's mischief]
 17518 | D:8      | Lost mutation: You expend magic power (3 MP) to strengthen
                  | your wands. [Xom's mischief]
 17518 | D:8      | Gained mutation: You are covered in fur. (AC +1) [Xom's
                  | mischief]
 17518 | D:8      | Gained mutation: Your mind is acute. (Int +4, Str/Dex -1)
                  | [Xom's mischief]
 17565 | D:8      | XOM: give mutations
 17565 | D:8      | Lost mutation: You are covered in fur. (AC +1) [Xom's
                  | mischief]
 17565 | D:8      | Lost mutation: Your mind is acute. (Int +4, Str/Dex -1)
                  | [Xom's mischief]
 17807 | D:9      | Found a white marble altar of Elyvilon.
 17859 | D:9      | Identified the ring of Jiell {rF++ rC++ rCorr Str+4}
 17891 | D:9      | XOM: potion effect (haste)
 17903 | D:9      | XOM: smoke on damage
 18012 | D:9      | Found a flagged portal.
 18017 | D:9      | XOM: blink monster(s)
 18037 | D:9      | XOM: divination: magic mapping
 18044 | D:9      | XOM: cleaving
 18046 | D:9      | XOM: potion effect (invisibility)
 18051 | D:9      | XOM: confusion (+ monsters)
 18065 | D:9      | Reached skill level 12 in Stealth
 18069 | D:9      | Noticed a death knight
 18075 | D:9      | Noticed a cyclops
 18078 | Bailey   | Entered a bailey
 18210 | Bailey   | XOM: give mutations
 18210 | Bailey   | Lost mutation: You occasionally lose the ability to drink
                  | potions when taking damage. [Xom's mischief]
 18210 | Bailey   | Gained mutation: You expend magic power (3 MP) to
                  | strengthen your wands. [Xom's mischief]
 18380 | Bailey   | Noticed a gargoyle
 18387 | Bailey   | Killed a gargoyle
 18401 | Bailey   | Reached XP level 11. HP: 79/79 MP: 11/11
 18481 | D:9      | XOM: give mutations
 18481 | D:9      | Lost mutation: You are weak. (Str -2) [Xom's grace]
 18481 | D:9      | Gained mutation: You are agile. (Dex +4, Str/Int -1) [Xom's
                  | grace]
 18481 | D:9      | Gained mutation: You are very robust. (+20% HP) [Xom's
                  | grace]
 18481 | D:9      | Gained mutation: One of your tentacles bears a spike.
                  | [Xom's grace]
 18488 | D:9      | XOM: summons 3 friendly demons
 18494 | D:9      | XOM: summons 3 friendly demons
 18501 | D:9      | Killed a cyclops
 18502 | D:9      | Reached skill level 5 in Evocations
 18511 | D:9      | Killed a death knight
 18534 | D:9      | Reached skill level 5 in Shields
 18709 | D:9      | Found a glowing silver altar of Zin.
 18819 | D:9      | XOM: 1-stop teleportation journey
 18928 | D:9      | XOM: noise
 18982 | D:10     | Entered Level 10 of the Dungeon
 18982 | D:10     | Noticed Sonja
 18983 | D:10     | Killed Sonja
 19030 | D:10     | Found an iron altar of Okawaru.
 19231 | D:10     | Found a staircase to the Lair.
 19244 | D:10     | Identified the +11 shortbow of the Dwarven Hall {heavy,
                  | *Slow Int+4}
 19256 | D:10     | XOM: scenery: 1 doors open
 19260 | D:10     | Reached skill level 13 in Stealth
 19263 | D:10     | XOM: draining
 19389 | D:10     | XOM: summons 6 hostile demons
 19581 | D:10     | XOM: potion effect (invisibility)
 19673 | D:10     | XOM: divination: magic mapping
 19678 | D:10     | XOM: divination: detect creatures
 19697 | D:10     | XOM: divination: detect items
 19710 | D:10     | XOM: divination: magic mapping
 19866 | D:10     | XOM: noise
 19875 | D:10     | XOM: divination: detect items
 20039 | D:10     | XOM: 1-stop teleportation journey
 20302 | D:10     | Noticed Urug
 20317 | D:10     | Killed Urug
 20503 | Lair:1   | Entered Level 1 of the Lair of Beasts
 20694 | Lair:1   | XOM: silly message
 20710 | Lair:1   | XOM: blink monster(s)
 20718 | Lair:1   | XOM: torment (30/86 hp)
 20728 | Lair:1   | Reached XP level 12. HP: 34/93 MP: 12/12
 21158 | Lair:1   | Noticed Gastronok
 21163 | Lair:1   | XOM: enchant monster (bad)
 21170 | Lair:1   | Killed Gastronok
 21207 | Lair:1   | XOM: 2-stop teleportation journey
 21586 | Lair:1   | XOM: summons 7 hostile demons
 22136 | Lair:2   | Found a hole to the Spider Nest.
 22136 | Lair:2   | Noticed Harold
 22140 | Lair:2   | Reached skill level 14 in Stealth
 22154 | Lair:2   | XOM: enchant monster (bad)
 22168 | Lair:2   | Killed Harold
 22318 | Lair:2   | XOM: divination: detect creatures
 22404 | Lair:2   | XOM: noise
 22409 | Lair:2   | XOM: summons friendly shadow imp
 22418 | Lair:2   | XOM: silly message
 22516 | Lair:2   | XOM: polymorph shadow imp -> ufetubus
 22526 | Lair:2   | Noticed a skyshark
 22531 | Lair:2   | XOM: 1-stop teleportation journey
 22644 | Lair:2   | Killed a skyshark
 22741 | Lair:3   | XOM: silly message
 22755 | Lair:2   | XOM: blink monster(s)
 22812 | Lair:2   | XOM: noise
 22832 | Lair:2   | Identified the ring "Qocetrisk" {rF+ Will+ Str+3 Int+2}
 22840 | Lair:2   | XOM: silly message
 22875 | Lair:2   | Identified the +1 quarterstaff of Omaykih {flame, *Corrode
                  | +Blink rF+ rN+}
 22928 | Lair:2   | XOM: give mutations
 22928 | Lair:2   | Lost mutation: You are mostly covered in iridescent scales.
                  | (AC +4) [Xom's mischief]
 22928 | Lair:2   | Lost mutation: You are agile. (Dex +4, Str/Int -1) [Xom's
                  | mischief]
 23036 | Lair:2   | XOM: stat loss: -1 Int (13/14)
 23122 | Lair:3   | Identified the ring of Loihitoh {rF+ rC+ Will+ Str+5}
 23156 | Lair:3   | Noticed a six-headed hydra
 23165 | Lair:3   | Killed a six-headed hydra
 23166 | Lair:3   | Reached XP level 13. HP: 99/99 MP: 13/13
 23218 | Lair:3   | Reached skill level 10 in Shields
 23221 | Lair:3   | XOM: fake destruction
 23231 | Lair:3   | XOM: 2-stop teleportation journey
 23286 | Lair:3   | XOM: summons 6 friendly demons
 23317 | Lair:3   | Found a staircase to the Shoals.
 23636 | Lair:3   | XOM: summons 3 friendly demons
 23649 | Lair:3   | XOM: scenery: create altars
 23673 | Lair:3   | Identified the staff of Joyful Slaughter {Int+5 Earth}
 23771 | Lair:3   | Identified a scroll of acquirement
 23771 | Lair:3   | Acquired a manual of Shapeshifting
 24280 | Lair:4   | Found a dark tunnel.
 24288 | Volcano  | Entered a volcano
 24373 | Volcano  | Reached skill level 15 in Stealth
 24615 | Volcano  | XOM: summons friendly iron imp
 24618 | Volcano  | XOM: god gift: 8 stones
 24651 | Volcano  | XOM: polymorph iron imp -> cerulean imp
 24722 | Lair:4   | XOM: confusion (+ monsters)
 24811 | Lair:4   | XOM: god gift: cloak {god gift}
 24829 | Lair:4   | XOM: 7-stop teleportation journey
 24864 | Lair:4   | XOM: confuse monster(s)
 24912 | Lair:4   | XOM: polymorph elephant -> eye of devastation
 24915 | Lair:4   | XOM: silly message
 24924 | Lair:4   | XOM: 2-stop teleportation journey
 24928 | Lair:4   | XOM: silly message
 24931 | Lair:4   | Reached XP level 14. HP: 101/108 MP: 14/14
 24937 | Lair:4   | Reached skill level 16 in Stealth
 25034 | Lair:4   | Reached skill level 10 in Short Blades
 25370 | Lair:5   | Entered Level 5 of the Lair of Beasts
 25389 | Lair:5   | XOM: divination: magic mapping
 25438 | Lair:5   | XOM: silly message
 25473 | Lair:5   | XOM: silly message
 25554 | Lair:5   | XOM: summons 2 hostile demons
 25676 | Lair:5   | XOM: noise
 25680 | Lair:5   | XOM: enchant monster (bad)
 25685 | Lair:5   | XOM: summons friendly iron imp
 25701 | Lair:5   | XOM: summons friendly crimson imp
 25710 | Lair:5   | XOM: destruction
 25717 | Lair:5   | XOM: confuse monster(s)
 25719 | Lair:5   | XOM: polymorph elephant -> shapeshifter
 25813 | Lair:5   | Reached skill level 10 in Shapeshifting
 26133 | Lair:5   | Found a viscous altar of Jiyva.
 26133 | Lair:5   | Found a staircase to the Slime Pits.
 26209 | Lair:5   | XOM: fog
 26222 | Lair:5   | Reached skill level 10 in Dodging
 26413 | Lair:5   | XOM: cleaving
 26489 | Lair:5   | XOM: summons 1 hostile demon
 26912 | D:11     | XOM: cast spell 'Death Channel'
 27155 | D:11     | Found a staircase to the Orcish Mines.
 27155 | D:11     | XOM: 9-stop teleportation journey
 27334 | D:11     | Reached XP level 15. HP: 105/116 MP: 15/15
 27528 | Orc:1    | Entered Level 1 of the Orcish Mines
 27611 | Orc:1    | XOM: polymorph orc warrior -> sky beast
 27685 | Orc:1    | Noticed Jorgrun
 27697 | Orc:1    | Killed Jorgrun
 27781 | Orc:1    | XOM: 1-stop teleportation journey
 27986 | Orc:2    | Entered Level 2 of the Orcish Mines
 27996 | Orc:2    | Noticed Donald
 28054 | Orc:1    | XOM: noise
 28055 | Orc:2    | XOM: enchant monster (good)
 28301 | Orc:2    | XOM: fog
 28302 | Orc:2    | Noticed Rupert
 28308 | Orc:2    | XOM: enchant monster (bad)
 28308 | Orc:2    | Slain by Donald

Illustrated notes

Levels and vault maps discovered:
D:1:      dpeg_arrival_pits, layout_basic, serial_shops, shop,
          nicolae_concentric_dashed_squares_mild, minmay_pentomino_x4
D:2:      layout_loops_ring, serial_forest, infiniplex_forest_clump_tiny,
          infiniplex_forest_lined_1, infiniplex_forest_lined_corner,
          infiniplex_forest_corner_1, infiniplex_forest_3_way,
          infiniplex_forest_straight_2, infiniplex_forest_clump_small,
          serial_shops, shop_statue, nicolae_diamond_shop,
          nicolae_shop_tiny_statue_garden, shop, uniq_terence
D:3:      layout_basic, nicolae_qazlal_beasts_of_the_sky
D:4:      layout_loops_corners
D:5:      corexii_shantytown, layout_basic, kennysheep_little_box,
          kennysheep_mini_moat, marbit_many_paths
D:6:      layout_layer_cave, kennysheep_mini,
          chequers_temple_overflow_minitemple, minmay_temple_entry_junction,
          nrook_mini_vaults
D:7:      layout_basic, kb_rosetta
D:8:      layout_loops_ring, nrook_mini_backslash
D:9:      layout_roguey, elyvilon_altar_4, enter_bailey_5, minmay_ruined_shrine
D:10:     layout_gridville, mainiacjoe_overflow_six_doors_small,
          minmay_lair_entry_grove, dreamdust_princess_bridge,
          chequers_big_river, introduction_to_nature_2, uniq_urug, uniq_sonja
D:11:     layout_basic, orc_0_dummy, minmay_misc_feat_cross, st_stairs_4
Lair:1:   layout_cave_pods, kennysheep_abandoned_house, uniq_gastronok
Lair:2:   layout_loops_ring, hellmonk_spider_entry_life_and_decay, uniq_harold
Lair:3:   dreamdust_isle_of_ice, layout_loops_ring, minmay_shoals_entry_hut,
          roderic_batcave, lemuel_fruit_fields
Lair:4:   layout_regular_city, nicolae_volcano_entry_two_sided,
          lemuel_old_faithful, serial_bayou_shore_b
Lair:5:   evilmike_catoblepas_cave, layout_gridlike, dpeg_slime_entry_enclosed,
          serial_bayou_shore_b, serial_bayou_shore_b
Orc:1:    layout_diamond_mine, guppyfry_library_mini, uniq_jorgrun
Orc:2:    st_orc_pillars, layout_diamond_mine, uniq_rupert, uniq_donald,
          uniq_snorg

Skill      XL: |  1  2  3  4  5  6  7  8  9 10 11 12 13 14 15 |
---------------+----------------------------------------------+-----
Stealth        | 1 2 4 5 7 9 11 12 13 14 15 16 | 16.9
Dodging        | 3 4 5 6 7 9 10 | 10.5
Short Blades   | 4 5 6 7 8 9 11 | 11.7
Fighting       | 4 5 6 7 |  7.3
Shapeshifting  | 1 2 3 4 5 6 7 9 10 11 | 11.0
Evocations     | 3 4 6 |  6.4
Shields        | 4 6 9 11 12 | 12.1
Throwing       | |  0.1

Action                     |  1- 3 |  4- 6 |  7- 9 | 10-12 | 13-15 || total
---------------------------+-------+-------+-------+-------+-------++-------
  Melee: Short sword       |    69 |    50 |       |       |       ||   119
         Tentacles         |    14 |    30 |    55 |   172 |   324 ||   595
         Constrict         |    14 |    21 |    51 |   108 |    85 ||   279
         Kick              |       |    41 |    86 |   195 |   500 ||   822
         Punch             |       |     2 |     3 |     8 |    16 ||    29
         Dagger            |       |    71 |   251 |   675 |   216 ||  1213
         Quick blade       |       |       |       |       |   714 ||   714
  Throw: Dart              |       |     2 |       |       |       ||     2
  Evoke: Wand              |       |       |     3 |    14 |       ||    17
    Use: Scroll            |       |     4 |     7 |     8 |    12 ||    31
         Potion            |       |     5 |       |     1 |     1 ||     7
   Stab: Sleeping          |     6 |     7 |    28 |    58 |    56 ||   155
         Invisible         |       |     2 |     2 |     8 |     6 ||    18
         Confused          |       |     1 |       |       |     4 ||     5
         Distracted        |       |       |     1 |     4 |     1 ||     6
         Petrified         |       |       |       |       |     1 ||     1
 Armour: Skin              |    34 |    54 |    79 |   196 |   107 ||   470
  Dodge: Dodged            |    33 |    91 |   160 |   415 |   204 ||   903
  Block: Kite shield       |       |       |       |   432 |   379 ||   811
         Reflection        |       |       |       |     6 |       ||     6

Table legend: (Time is in decaauts)
 A = Elapsed time spent in this place.
 B = Non-inter-level travel time spent in this place.
 C = Inter-level travel time spent in this place.
 D = Time resting spent in this place.
 E = Time spent auto-exploring this place.
 F = Levels seen in this place.
 G = Mean time per level.
                   A        B        C        D        E       F      G
               +--------+--------+--------+--------+--------+-----+--------+
         Total |  27832 |  26712 |   1120 |  10913 |  11829 |  20 | 1391.6 |
       Dungeon |  20707 |  19834 |    873 |   9830 |   7819 |  11 | 1882.5 |
          Lair |   5591 |   5369 |    222 |    811 |   3275 |   5 | 1118.2 |
  Orcish Mines |    753 |    729 |     24 |    237 |    313 |   2 |  376.5 |
        Bailey |    384 |    384 |      0 |     35 |    153 |   1 |  384.0 |
       Volcano |    395 |    395 |      0 |      0 |    269 |   1 |  395.0 |
               +--------+--------+--------+--------+--------+-----+--------+

Top non-repeatable levels by time:
     D:1: 8669 daAuts
     D:2: 2238 daAuts
     D:7: 1527 daAuts
     D:6: 1460 daAuts
  Lair:1: 1373 daAuts
    D:10: 1351 daAuts
  Lair:5: 1227 daAuts
  Lair:2: 1169 daAuts
  Lair:3: 1123 daAuts
     D:4: 1122 daAuts
     D:5: 1116 daAuts
     D:8: 917 daAuts
     D:9: 883 daAuts
    D:11: 806 daAuts
   Orc:1: 726 daAuts
